 Dungeon Crawl Stone Soup version 0.32-a0-132-g2d33c3cfaf (webtiles) character file.

Game seed: 3795439408972294196

24 croobank the Ducker (level 2, -2/16 HPs)
             Began as a Felid Monk on Feb 9, 2024.
             Slain by a gnoll
             ... wielding a +0 club
              (8 damage)
             ... on level 1 of the Dungeon.
             The game lasted 00:01:46 (1124 turns).

croobank the Ducker (Felid Monk)                    Turns: 1124, Time: 00:01:46

Health: -2/16      AC:  1    Str:  7    XL:     2   Next: 79%
Magic:  3/3        EV: 19    Int: 13    God:
Gold:   27         SH:  0    Dex: 18    Spells: 1/1 levels left
                                        Lives:  0   Deaths: 1

rFire   . .          .
                       - Unarmed
rCold   . . .        (shield unavailable)
rNeg    . . .        (body armour unavailable)
rPois   .            (helmet unavailable)
rElec   .            (cloak unavailable)
rCorr   .            (gloves unavailable)
SInv    +            (boots unavailable)
Will    .....        (no amulet)
Stlth   ++           (no ring)
HPRegen 0.22/turn    (no ring)
MPRegen 0.08/turn

%: no passive effects
@: mighty
A: very small, claws 1, fangs 3, see invisible, shaggy fur 1, stealthy paws, no
weapons or thrown items, no armour, multi-lived
a: no special abilities


You were on level 1 of the Dungeon.
You visited 1 branch of the dungeon, and saw 1 of its levels.

You collected 27 gold pieces.

Inventory:

Scrolls
 c - 2 scrolls of identify {unknown}
 e - a scroll of vulnerability {unknown}
 f - a scroll of poison {unknown}
Potions
 d - a potion of haste {unknown}


   Skills:
 + Level 3.4 Fighting
 + Level 4.5 Dodging
 + Level 3.3 Unarmed Combat


You had one spell level left.
You didn't know any spells.
Your spell library contained the following spells:

 Spells                   Type           Power      Damage    Failure   Level
 Cigotuvi's Dreadful Rot  Necr/Alch/Air  0%         N/A       43%         2
 Ignite Poison            Fire/Alch      0%         N/A       97%         4
 Freezing Cloud           Conj/Ice/Air   0%         6-21      100%        5


Dungeon Overview and Level Annotations

Branches:
Dungeon (1/15)

Altars:


Innate Abilities, Weirdness & Mutations

You have sharp claws.
You have razor-sharp teeth.
You have supernaturally acute eyesight. (SInv)
You are covered in fur. (AC +1)
Your paws help you pounce on unaware monsters.
You are incapable of wielding weapons or throwing items.
You cannot wear armour.
You gain extra lives every three experience levels.


Message History

The bat closely misses you.
You miss the bat. Your bite misses the bat.
The bat is severely wounded.
The bat misses you.
You scratch the bat.
You kill the bat!
No target in view!
No target in view!
No target in view!
A ball python comes into view.
You see here a bat corpse.
The ball python hisses angrily.
The ball python completely misses you. x2
You scratch the ball python.
You kill the ball python!
No target in view!
No target in view!
A frilled lizard comes into view.
The frilled lizard bites you.
You scratch the frilled lizard.
You kill the frilled lizard!
No target in view!
You see here a frilled lizard corpse.
There is a dry fountain here.
You see here the felid skeleton of croobank.
The gnoll shouts!
The gnoll hits you with a +0 club.
You closely miss the gnoll.
The gnoll is heavily wounded.
The gnoll hits you with a +0 club.
You are too injured to fight recklessly!
You are too injured to fight recklessly!
It was a potion of might.
You feel very mighty all of a sudden. The gnoll closely misses you.
You claw the gnoll!
The gnoll is almost dead.
The gnoll hits you with a +0 club!
Ouch! That really hurt!
You die...

..........###.##.# ##..........#.
........##.###...###⌠###ß###ß####
#...##..#.##.##....###########...
ß...ß#..###.#.#..............####
#...##......###......#######.#...
#...##....#..........# #.#.##
#...##......+........# #.#.#
ß...ß#......#........# #.#.#
#...#########...@....# #.#.#
#...##ß###ß##..g.....# #.#.#
.....................# #.#.##
.....................# #.#...
.....................### #.####
##⌠###ß###ß##........'.#####.###
############........#.........#
#'#......#........#.......#.##
#.#......#........#.#######...


You could see a gnoll.

Vanquished Creatures
  3 bats (D:1)
  2 endoplasms (D:1)
  3 giant cockroaches (D:1)
  2 hobgoblins (D:1)
  A jackal (D:1)
  2 quokkas (D:1)
  3 ball pythons (D:1)
  2 frilled lizards (D:1)
  A kobold (D:1)
  3 rats (D:1)
22 creatures vanquished.

Notes
Turn   | Place    | Note
-------+----------+-------------------------------------------
     0 | D:1      | croobank the Felid Monk began the quest for the Orb.
     0 | D:1      | Reached XP level 1. HP: 12/12 MP: 2/2
   626 | D:1      | Reached XP level 2. HP: 16/16 MP: 3/3
   863 | D:1      | Slain by a gnoll
   863 | D:1      | Lost a life (0 lives remaining)
  1124 | D:1      | Slain by a gnoll

Illustrated notes

Levels and vault maps discovered:
D:1:      dpeg_arrival_stone_temple_mockup, layout_basic, serial_corexii_hall,
          corexii_hall_statues_t, corexii_hall_statues_i,
          chequers_hall_statues_corner_a, corexii_hall_statues_i,
          minmay_heptomino_o4

Action                     || total
---------------------------++-------
  Melee: Unarmed           ||    71
         Punch             ||     2
         Bite              ||     5
    Use: Potion            ||     2
   Stab: Sleeping          ||     3
 Armour: Skin              ||    19
  Dodge: Dodged            ||    76

Table legend: (Time is in decaauts)
 A = Elapsed time spent in this place.
 B = Non-inter-level travel time spent in this place.
 C = Inter-level travel time spent in this place.
 D = Time resting spent in this place.
 E = Time spent auto-exploring this place.
 F = Levels seen in this place.
 G = Mean time per level.
                   A        B        C        D        E       F      G
               +--------+--------+--------+--------+--------+-----+--------+
         Total |   1120 |   1103 |     17 |      0 |    921 |   1 | 1120.0 |
       Dungeon |   1120 |   1103 |     17 |      0 |    921 |   1 | 1120.0 |
               +--------+--------+--------+--------+--------+-----+--------+

Top non-repeatable levels by time:
     D:1: 1120 daAuts
